 Dungeon Crawl Stone Soup version 0.29.0-7-g18a832c13a (webtiles) character file.

Game seed: 10384807429649576288

298 ExZ the Ogre Mage (level 6, -1/62 HPs)
             Began as an Ogre Hedge Wizard on Aug 30, 2022.
             Slain by Natasha (7 damage)
             ... on level 3 of the Dungeon.
             The game lasted 00:06:24 (2873 turns).

ExZ the Ogre Mage (Ogre Hedge Wizard)               Turns: 2873, Time: 00:06:25

Health: -1/62      AC:  3    Str: 15    XL:     6   Next: 36%
Magic:  10/12      EV:  9    Int: 17    God:
Gold:   69         SH:  0    Dex:  8    Spells: 10/14 levels left

rFire   . . .      SeeInvis .   g - +0 long sword
rCold   . . .      Faith    .   (no shield)
rNeg    . . .      Spirit   .   b - +0 robe
rPois   .          Reflect  .   c - +0 hat
rElec   .          Harm     .   (no cloak)
rCorr   .          Rampage  .   (gloves unavailable)
Will    .....                   (boots unavailable)
Stlth   +.........              (no amulet)
HPRegen 0.20/turn               (no ring)
MPRegen 0.13/turn               (no ring)

@: brilliant
A: large, unfitting armour, tough skin 1
a: no special abilities


You were on level 3 of the Dungeon.
You visited 1 branch of the dungeon, and saw 3 of its levels.

You collected 69 gold pieces.

Inventory:

Hand Weapons
 a - a +0 dagger
 g - a +0 long sword (weapon)
Armour
 b - a +0 robe (worn)
 c - a +0 hat (worn)
Jewellery
 e - an amulet of the acrobat
Scrolls
 f - a scroll of vulnerability {unknown}
 h - a scroll of teleportation {unknown}
 i - 2 scrolls of immolation {unknown}
 k - a scroll of butterflies {unknown}
Potions
 d - a potion of magic


   Skills:
 - Level 4.0 Fighting
 + Level 0.6 Armour
 - Level 1.7 Dodging
 - Level 1.4 Stealth
 - Level 4.5 Spellcasting
 + Level 1.3 Conjurations
 - Level 4.0 Summonings
 - Level 0.8 Translocations


You had 10 spell levels left.
You knew the following spells:

 Your Spells              Type           Power      Damage    Failure   Level
a - Magic Dart            Conj           48%        1d5       9%          1
b - Call Imp              Summ           26%        N/A       4%          2
c - Slow                  Hex            20%        N/A       16%         1

Your spell library contained the following spells:

 Spells                   Type           Power      Damage    Failure   Level
 Blink                    Tloc           20%        N/A       16%         2
 Sublimation of Blood     Necr           5%         N/A       22%         2
 Wereblood                Tmut           5%         N/A       22%         2
 Conjure Flame            Conj/Fire      9%         6-21      34%         3
 Mephitic Cloud           Conj/Pois/Air  7%         N/A       36%         3
 Summon Hydra             Summ           13%        N/A       100%        7


Dungeon Overview and Level Annotations

Branches:
Dungeon (3/15)

Altars:
Kikubaaqudgha

Annotations:
D:3 Natasha


Innate Abilities, Weirdness & Mutations

You are too large for most types of armour.
You have tough skin. (AC +1)


Message History

The bat skeleton barely misses you. Natasha claws you but does no damage.
Unknown command.
Unknown command.
You hit Natasha.
Natasha is moderately wounded.
The vampire bat bites your white imp. The bat skeleton barely misses you.
The bat skeleton hits you.
* * * LOW HITPOINT WARNING * * *
The bat skeleton hits you but does no damage.
The vampire bat bites your white imp but does no damage.
Your white imp gestures at the vampire bat.
The puff of frost hits the vampire bat!
The vampire bat is destroyed!
Natasha barely misses you.
Your Conjurations skill increases to level 1!
Unknown command.
Unknown command.
Unknown command.
You closely miss Natasha.
Natasha is moderately wounded.
Natasha completely misses you. The crimson imp closely misses you.
Your white imp misses the crimson imp.
Natasha barely misses you.
Unknown command.
Unknown command.
Casting: Call Imp (safe; 4% risk of failure)
Confirm with . or Enter, or press ? or * to list all spells.
Aiming: Slow (safe; 16% risk of failure)
Press: ? - help, Shift-Dir - straight line, f/p - Natasha
Aim: Natasha (moderately wounded, ally target, chance to affect: 40%)
You feel a surge of power!
Natasha seems to slow down.
Your white imp barely misses the crimson imp.
The crimson imp barely misses you.
Unknown command.
You barely miss Natasha.
Natasha is moderately wounded.
Your white imp barely misses the crimson imp.
The crimson imp blinks!
The crimson imp hits you.
* * * LOW HITPOINT WARNING * * *
Natasha claws you!
You die...

..........#....#.############
... #.......#.# ######.#.#.##
.....##...#.###...#.⌠.#.⌠.##
###.......####.#.#.#.#.#.#.#
#........##.⌠.#.⌠.#.⌠.#...
....#....5.'..#.#.#.#.#.⌠.
.#..#....Z§5.#.⌠.#.⌠.#.. _.
.........#5h..#.#.#.#Z#.⌠.⌠
....#....#@#.⌠.#.⌠h#bh.#
#.......####.#.#.#.#.#.#
#........ ##...#.b.#.⌠
....... ######5#.#.# .......
#######


You could see Natasha (slow, ally target), a crimson imp (summoned), a shadow
imp (summoned), a bat skeleton and a friendly white imp (summoned).

Vanquished Creatures
  Grinder (D:3)
  An adder (D:2)
  A worm (D:2)
  A dart slug (D:1)
  5 bats
  3 bat skeletons (D:3)
  2 bat zombies (D:3)
  An endoplasm (D:1)
  4 giant cockroaches
  5 goblins
  5 hobgoblins
  4 kobolds
  4 ball pythons
  3 frilled lizards (D:1)
  4 rats
44 creatures vanquished.

Vanquished Creatures (collateral kills)
  A vampire bat (D:3)
  An endoplasm (D:3)
  A goblin (D:3)
  A kobold (D:3)
  A rat (D:3)
5 creatures vanquished.

Grand Total: 49 creatures vanquished

Notes
Turn   | Place    | Note
-------+----------+-------------------------------------------
     0 | D:1      | ExZ the Ogre Hedge Wizard began the quest for the Orb.
     0 | D:1      | Reached XP level 1. HP: 16/16 MP: 5/5
    77 | D:1      | Reached skill level 1 in Fighting
   172 | D:1      | Reached XP level 2. HP: 28/28 MP: 3/6
   265 | D:1      | You fall into a shaft and drop 1 floor!
  1044 | D:1      | Reached XP level 3. HP: 37/37 MP: 2/8
  1892 | D:2      | Reached skill level 1 in Summonings
  2239 | D:2      | Learned a level 2 spell: Call Imp
  2241 | D:2      | Learned a level 1 spell: Slow
  2325 | D:3      | Noticed Grinder
  2326 | D:3      | Paralysed by Grinder for 2 turns
  2417 | D:3      | Reached XP level 4. HP: 48/48 MP: 4/9
  2569 | D:3      | Paralysed by Grinder for 5 turns
  2581 | D:3      | Paralysed by Grinder for 5 turns
  2590 | D:3      | Killed Grinder
  2591 | D:3      | Reached XP level 5. HP: 49/54 MP: 3/11
  2591 | D:3      | Reached XP level 6. HP: 56/62 MP: 3/12
  2840 | D:3      | Noticed Natasha
  2841 | D:3      | Found an ancient bone altar of Kikubaaqudgha.
  2871 | D:3      | Reached skill level 1 in Conjurations
  2873 | D:3      | Slain by Natasha

Illustrated notes

Levels and vault maps discovered:
D:1:      shiori_arrival_maze, layout_basic, minmay_strange_pillars,
          minmay_stone_trees_medium
D:2:      layout_basic, serial_rivers, chequers_serial_rivers_small_a,
          chequers_serial_rivers_small_3, chequers_serial_rivers_micro_a,
          chequers_serial_rivers_micro_e, amcnicky_mini_rare_corridor_liquid,
          serial_park_tiny_1, grunt_decor_resistance
D:3:      layout_basic, mainiacjoe_overflow_surrounded_room,
          kennysheep_vampire_church, minmay_cut_off, uniq_grinder, uniq_natasha

Skill      XL: |  1  2  3  4  5  6 |
---------------+-------------------+-----
Fighting       | 2 3 4 |  4.0
Summonings     | 1 3 4 |  4.0
Spellcasting   | 4 |  4.5
Conjurations   | 1 |  1.3
Armour         | |  0.6
Dodging        | |  1.7
Stealth        | |  1.4
Translocations | |  0.8

Action                   |  1- 3 |  4- 6 || total
-------------------------+-------+-------++-------
Melee: Dagger            |    13 |       ||    13
       Long sword        |    23 |    37 ||    60
       Punch             |       |     2 ||     2
 Cast: Magic Dart        |    78 |     2 ||    80
       Call Imp          |     1 |    11 ||    12
       Slow              |       |     1 ||     1
  Use: Potion            |       |     6 ||     6
 Stab: Sleeping          |       |     1 ||     1
Armor: Robe              |    11 |    46 ||    57
Dodge: Dodged            |    25 |    48 ||    73
